 Dungeon Crawl Stone Soup version 0.26-a0-597-gb535b09 (webtiles) character file.

Game seed: 15657037041194074772

725 Hazorath the Chopper (level 7, 0/67 HPs)
             Began as a Naga Fighter on Aug 27, 2020.
             Killed from afar by an orc wizard (6 damage)
             ... with a magic dart
             ... on level 5 of the Dungeon.
             The game lasted 00:07:15 (2143 turns).

Hazorath the Chopper (Naga Fighter)                 Turns: 2143, Time: 00:07:16

Health: 0/67       AC:  7    Str: 21    XL:     7   Next: 71%
Magic:  7/7        EV:  6    Int:  8    God:
Gold:   92         SH:  9    Dex: 10    Spells: 6/6 levels left

rFire    . . .     SeeInvis +   a - +1 war axe
rCold    . . .     Faith    .   c - +0 kite shield
rNeg     . . .     Spirit   .   b - +0 scale mail
rPois    +         Reflect  .   (no helmet)
rElec    .         Harm     .   (no cloak)
rCorr    .                      i - +0 pair of gloves
MR       .....                  (no barding)
Stlth    ..........             j - amulet of inaccuracy (curse)
HPRegen  0.21/turn              (no ring)
MPRegen  0.10/turn              (no ring)

@: very slow
A: large, see invisible, deformed body, poison resistance, slowness 2, spit
poison 1, AC +2
a: Spit Poison


You were on level 5 of the Dungeon.
You visited 1 branch of the dungeon, and saw 5 of its levels.

You collected 92 gold pieces.

Inventory:

Hand Weapons
 a - a +1 war axe (weapon)
Missiles
 d - 10 poisoned darts (quivered)
Armour
 b - a +0 scale mail (worn)
 c - a +0 kite shield (worn)
 i - a +0 pair of gloves (worn)
Jewellery
 j - a cursed amulet of inaccuracy (around neck)
Wands
 h - a wand of digging (7)
Scrolls
 f - a scroll of teleportation


   Skills:
 + Level 5.0 Fighting
 * Level 6.1 Axes
 - Level 2.4 Armour
 + Level 4.1 Shields


You had 6 spell levels left.
You didn't know any spells.
Your spell library was empty.

Dungeon Overview and Level Annotations

Branches:
Dungeon (5/15)
 Temple: D:4-7

Altars:

Annotations:
D:4 Edmund


Innate Abilities, Weirdness & Mutations

You cannot wear boots.
Your serpentine skin is tough. (AC +2)
You have supernaturally acute eyesight. (SInv)
Armour fits poorly on your strangely shaped body.
Your system is resistant to poisons. (rPois)
You cover ground very slowly.
You can spit poison.


Message History

The orc wizard casts a spell at you. The puff of flame hits you.
* * * LOW HITPOINT WARNING * * *
You block the orc wizard's attack.
You closely miss the orc wizard.
The orc wizard is moderately wounded.
The orc wizard hits you with a +0 dagger.
* * * LOW HITPOINT WARNING * * *
You slash the orc wizard!
The orc wizard is almost dead.
The orc wizard barely misses you.
You closely miss the orc wizard.
The orc wizard is almost dead.
The orc wizard hits you with a +0 dagger.
* * * LOW HITPOINT WARNING * * *
You hit the orc wizard but do no damage.
The orc wizard is almost dead.
The orc wizard points at you and mumbles some strange words.
The magic dart hits you.
You die...

# #..### # #.....#
### # [.... ...
#.##.#.#### .#!
#.........## .
........#..# .
........)#.# .##
.......)o†.# ..#
.......[@### #.#
.......).# #.##
.........# #..#
..........
a..####..........##
<.................
#######..........#
........#


You could see an orc wizard (invisible).

Vanquished Creatures
  Sigmund (D:4)
  An ice beast (D:3)
  2 ogres (D:4)
  A hound (D:4)
  An orc priest (D:5)
  An iguana (D:3)
  Natasha (twice) (D:4)
  3 worker ants
  3 gnolls (D:5)
  2 worms
  A dart slug (D:1)
  2 leopard geckos
  4 orcs
  A ball python (D:3)
  4 giant cockroaches
  6 goblins
  4 hobgoblins (D:1)
  9 jackals
  A quokka (D:3)
  A bat (D:3)
  3 frilled lizards
  4 kobolds
  A leopard gecko skeleton (D:4)
  5 rats
63 creatures vanquished.

Notes
Turn   | Place    | Note
-------+----------+-------------------------------------------
     0 | D:1      | Hazorath the Naga Fighter began the quest for the Orb.
     0 | D:1      | Reached XP level 1. HP: 21/21 MP: 1/1
    57 | D:1      | Reached XP level 2. HP: 18/28 MP: 2/2
   309 | D:1      | Reached XP level 3. HP: 17/34 MP: 3/3
   473 | D:3      | Noticed an ice beast
   481 | D:3      | Killed an ice beast
   481 | D:3      | Reached skill level 3 in Axes
   481 | D:3      | Reached XP level 4. HP: 33/44 MP: 4/4
   481 | D:3      | Reached XP level 5. HP: 37/50 MP: 5/5
   552 | D:3      | Reached skill level 4 in Axes
   876 | D:4      | Noticed Natasha
   887 | D:4      | Killed Natasha
   923 | D:4      | Noticed Sigmund
   936 | D:4      | Killed Sigmund
   936 | D:4      | Reached skill level 5 in Axes
   936 | D:4      | Reached XP level 6. HP: 40/58 MP: 6/6
  1030 | D:4      | Reached XP level 7. HP: 34/66 MP: 7/7
  1275 | D:4      | Noticed Natasha
  1282 | D:4      | Killed Natasha
  1428 | D:4      | Noticed Edmund
  1713 | D:5      | Entered Level 5 of the Dungeon
  2096 | D:5      | Reached skill level 5 in Fighting
  2096 | D:5      | Reached skill level 6 in Axes
  2143 | D:5      | Killed from afar by an orc wizard

Illustrated notes

Levels and vault maps discovered:
D:1:      saegor_arrival_fortress, layout_loops_ring, due_unseen_surprise
D:2:      layout_loops_cross
D:3:      layout_basic, lemuel_coloured_pillars_altar,
          makhleb_blood_cavern_becter
D:4:      layout_loops_ring, overflow_temple_1_default, minivault_24,
          uniq_edmund, uniq_sigmund, uniq_natasha
D:5:      layout_rooms, marbit_many_paths, enter_ossuary_1

Skill      XL: |  1  2  3  4  5  6  7 |
---------------+----------------------+-----
Axes           | 3 5 6 |  6.1
Shields        | 3 4 |  4.1
Fighting       | 4 5 |  5.0
Armour         | |  2.4

Action                   |  1- 3 |  4- 6 |  7- 9 || total
-------------------------+-------+-------+-------++-------
Melee: War axe           |    97 |    81 |    77 ||   255
Throw: Dart              |       |     3 |     1 ||     4
 Abil: Spit Poison       |     1 |     3 |     6 ||    10
  Use: Potion            |     1 |     2 |       ||     3
       Scroll            |       |       |     5 ||     5
Armor: Scale mail        |    39 |    35 |    33 ||   107
Dodge: Dodged            |    40 |    21 |    15 ||    76
Block: Kite shield       |    44 |    41 |    40 ||   125

Table legend: (Time is in decaauts)
 A = Elapsed time spent in this place.
 B = Non-inter-level travel time spent in this place.
 C = Inter-level travel time spent in this place.
 D = Time resting spent in this place.
 E = Time spent auto-exploring this place.
 F = Levels seen in this place.
 G = Mean time per level.
                   A        B        C        D        E       F      G
               +--------+--------+--------+--------+--------+-----+--------+
         Total |   2431 |   2378 |     53 |   1158 |    404 |   5 |  486.2 |
       Dungeon |   2431 |   2378 |     53 |   1158 |    404 |   5 |  486.2 |
               +--------+--------+--------+--------+--------+-----+--------+

Top non-repeatable levels by time:
     D:4: 1305 daAuts
     D:3: 465 daAuts
     D:1: 424 daAuts
     D:5: 119 daAuts
     D:2: 116 daAuts
